[Event "Aktivschachturnier (30 Sek. pro Zug)"]
[Site "Wuppertal"]
[Date "2007.??.??"]
[Round "?"]
[White "Citrine, Novag"]
[Black "Super Constellation, Novag"]
[Result "1-0"]
[ECO "A29"]
[WhiteElo "1990"]
[BlackElo "1732"]
[Annotator "Jaeger,Thomas"]
[PlyCount "83"]
[EventDate "2007.??.??"]
[TimeControl "120+1"]

{32MB, book.ctg, ANJATHOMAS} 1. c4 e5 2. Nc3 Nc6 3. Nf3 Nf6 4. g3 Bb4 5. Bg2
O-O 6. O-O Re8 7. Nd5 Nxd5 8. cxd5 Nd4 9. Ne1 c6 10. e3 Nb5 11. d3 Nc7 12. Nc2
{letzter Buchzug} Bf8 {letzter Buchzug} 13. dxc6 bxc6 14. f4 f6 15. fxe5 fxe5
16. Qh5 g6 17. Qf3 d5 18. Qf7+ Kh8 19. Qf6+ Qxf6 20. Rxf6 Be6 21. Bd2 Bg7 22.
Rf2 Rab8 23. Nb4 Rf8 24. Rxf8+ Rxf8 25. Nxc6 Bd7 26. Rc1 e4 27. Nxa7 Ne8 28.
Bc3 d4 29. exd4 exd3 30. Nc6 Nf6 31. Rd1 Be6 32. Nb4 Bf5 33. Nxd3 Ne4 34. Nf4
Nxc3 35. bxc3 Rc8 36. Re1 h5 37. Nd5 Rxc3 38. Nxc3 Bxd4+ 39. Kf1 Bxc3 40. Re7
Bb4 41. Rc7 Bd6 42. Rb7 1-0

[Event "Aktivschachturnier (30 Sek. pro Zug)"]
[Site "Wuppertal"]
[Date "2007.??.??"]
[Round "?"]
[White "Super Constellation, Novag"]
[Black "Citrine, Novag"]
[Result "1/2-1/2"]
[ECO "B09"]
[WhiteElo "1732"]
[BlackElo "1990"]
[Annotator "Jaeger,Thomas"]
[PlyCount "103"]
[EventDate "2007.??.??"]
[TimeControl "120+1"]

{32MB, book.ctg, ANJATHOMAS} 1. e4 d6 2. d4 Nf6 3. Nc3 g6 4. f4 Bg7 5. Nf3 O-O
{letzter Buchzug} 6. e5 dxe5 7. fxe5 Nd5 8. Bc4 {letzter Buchzug} Nxc3 9. bxc3
Nc6 10. O-O Na5 11. Bd3 Bg4 12. Ba3 h6 13. h3 Be6 14. Qe2 Bd5 15. Rab1 Bxa2 16.
Ra1 Be6 17. Bxe7 Qxe7 18. Rxa5 b6 19. Raa1 c6 20. Be4 Qe8 21. c4 Bd7 22. Ra6
Bc8 23. Raa1 Be6 24. Ra6 f5 25. exf6 Rxf6 26. Ne5 Rxf1+ 27. Qxf1 Bxe5 28. dxe5
Bc8 29. Ra1 Qxe5 30. Bxg6 Qg7 31. Be8 Bxh3 32. Bxc6 Rf8 33. Qe1 Bf5 34. Bd5+
Kh8 35. c3 Kh7 36. Ra6 Bd3 37. Be4+ Bxe4 38. Qxe4+ Kh8 39. Qd4 Rf7 40. c5 Rd7
41. Qxg7+ Kxg7 42. cxb6 Rd1+ 43. Kf2 axb6 44. Rxb6 Rd2+ 45. Kf1 Rc2 46. Rb3 h5
47. Kg1 Kf6 48. Ra3 Ke5 49. Kh2 Ke4 50. Kg3 Rd2 51. Kh4 Rxg2 52. Kxh5 1/2-1/2

[Event "Aktivschachturnier (30 Sek. pro Zug)"]
[Site "Wuppertal"]
[Date "2007.??.??"]
[Round "?"]
[White "Super Constellation, Novag"]
[Black "Excel 68000, Fidelity"]
[Result "0-1"]
[ECO "C86"]
[WhiteElo "1732"]
[BlackElo "1858"]
[Annotator "Jaeger,Thomas"]
[PlyCount "98"]
[EventDate "2007.??.??"]
[TimeControl "120+1"]

{32MB, book.ctg, ANJATHOMAS} 1. e4 e5 2. Nf3 Nc6 3. Bb5 a6 4. Ba4 Nf6 5. O-O
Be7 6. Qe2 b5 7. Bb3 O-O 8. c3 d5 9. d3 Re8 10. Re1 Bb7 11. exd5 Nxd5 12. Nxe5
Bf6 13. d4 Nxe5 14. dxe5 Bxe5 15. Qd1 Qd6 16. h3 Bh2+ 17. Kh1 Rxe1+ 18. Qxe1
Nf4 19. Bxf4 Bxf4 20. Na3 Bd2 21. Qe2 Bxc3 22. Nxb5 axb5 23. bxc3 Qc6 24. Qf1
Qxc3 25. Kg1 c5 26. Rc1 Qb4 27. Rb1 Qe4 28. Re1 Qc6 29. Rd1 c4 30. Bc2 g6 31.
Bb1 Re8 32. Bc2 Re2 33. Bb1 Kg7 34. Rc1 Qe6 35. Rd1 Bc6 36. Rc1 b4 37. Bc2 f6
38. Bb1 Ba4 39. Kh1 h6 40. Kg1 Kf7 41. Kh2 h5 42. f4 f5 43. Qg1 c3 44. Qc5 Qc6
45. Qa7+ Kg8 46. Qb8+ Kg7 47. Qa7+ Kh6 48. Qg1 c2 49. Bxc2 Bxc2 {
Excel machte es noch unnotig kompliziert, gewann aber leicht} 0-1

[Event "Aktivschachturnier (30 Sek. pro Zug)"]
[Site "Wuppertal"]
[Date "2007.??.??"]
[Round "?"]
[White "Excel 68000, Fidelity"]
[Black "Super Constellation, Novag"]
[Result "1-0"]
[ECO "C91"]
[WhiteElo "1858"]
[BlackElo "1732"]
[Annotator "Jaeger,Thomas"]
[PlyCount "79"]
[EventDate "2007.??.??"]
[TimeControl "120+1"]

{32MB, book.ctg, ANJATHOMAS} 1. e4 e5 2. Nf3 Nc6 3. Bb5 a6 4. Ba4 Nf6 5. O-O
Be7 6. Re1 b5 7. Bb3 {letzter Buchzug} d6 {letzter Buchzug} 8. d4 O-O 9. c3 Bg4
10. d5 Na5 11. Bc2 c6 12. h3 Bd7 13. b4 Nc4 14. dxc6 Be8 15. Nbd2 Rc8 16. Nxc4
bxc4 17. Qe2 Bxc6 18. Rd1 Qc7 19. Bd2 a5 20. a3 Qb7 21. Bg5 Nxe4 {!?} 22. Bxe7
Nxc3 23. Qd2 Nxd1 24. Bxf8 Nxf2 25. Ng5 h6 26. Bxd6 Nd3 27. Bxd3 cxd3 28. Nf3 {
jetzte kommt Su Co in Vorteil} Bxf3 29. gxf3 Qxf3 30. Rf1 Qxh3 31. Qf2 Qg4+ {
Tc2 gewinnt sofort} 32. Kh1 Qe4+ {Tc2!} 33. Qg2 Qxg2+ 34. Kxg2 axb4 35. axb4 f6
36. b5 e4 37. b6 Rc2+ 38. Rf2 e3 {?? schade wirft den Sieg endgultig weg} 39.
Rxc2 dxc2 {? d2!} 40. Ba3 1-0

[Event "Aktivschachturnier (30 Sek. pro Zug)"]
[Site "Wuppertal"]
[Date "2007.??.??"]
[Round "?"]
[White "Kishon Chesster, Fidelity"]
[Black "Excel 68000, Fidelity"]
[Result "1-0"]
[ECO "B79"]
[WhiteElo "1781"]
[BlackElo "1858"]
[Annotator "Jaeger,Thomas"]
[PlyCount "61"]
[EventDate "2007.??.??"]
[TimeControl "120+1"]

{32MB, book.ctg, ANJATHOMAS} 1. e4 c5 2. Nf3 d6 3. d4 cxd4 4. Nxd4 Nf6 5. Nc3
g6 6. Be3 Bg7 7. f3 O-O 8. Qd2 Nc6 9. Bc4 Bd7 10. O-O-O Qa5 11. Bb3 Rfc8 12. h4
Ne5 13. Kb1 Nc4 14. Bxc4 Rxc4 {letzter Buchzug} 15. g4 Rac8 16. Nb3 Qa6 17. h5
{letzter Buchzug} Nxg4 18. fxg4 Bxg4 19. hxg6 hxg6 20. Rdf1 Bxc3 21. bxc3 Rxe4
22. Qh2 Bh5 23. Qf2 f5 24. Rfg1 Bg4 25. Qh4 Kf7 26. Qh7+ Kf6 27. Rh6 Ke6 28.
Rxg6+ Kd5 29. R6xg4 fxg4 30. Rd1+ Kc6 31. Qxe4+ 1-0

[Event "Aktivschachturnier (30 Sek. pro Zug)"]
[Site "Wuppertal"]
[Date "2007.??.??"]
[Round "?"]
[White "Excel 68000, Fidelity"]
[Black "Kishon Chesster, Fidelity"]
[Result "1-0"]
[ECO "E89"]
[WhiteElo "1858"]
[BlackElo "1781"]
[Annotator "Jaeger,Thomas"]
[PlyCount "91"]
[EventDate "2007.??.??"]
[TimeControl "120+1"]

{32MB, book.ctg, ANJATHOMAS} 1. d4 Nf6 2. c4 g6 3. Nc3 Bg7 4. e4 d6 5. f3 O-O
6. Be3 e5 7. d5 c6 8. Nge2 cxd5 9. cxd5 Nbd7 10. Qd2 a6 11. g4 h5 12. g5 Nh7
13. h4 f6 14. gxf6 Rxf6 15. Ng1 b5 16. Nd1 Nc5 17. Nf2 Qf8 18. O-O-O Bd7 19.
Kb1 {letzter Buchzug} Rc8 {letzter Buchzug} 20. Bg2 Qe7 21. Ne2 Rff8 22. Rdf1
Nb7 23. f4 a5 24. fxe5 dxe5 25. Rc1 Rxc1+ 26. Qxc1 Nd6 27. Qc7 a4 28. Bc5 Rf6
29. Bh3 Rxf2 30. Bxd7 Rf6 31. Qc6 Bf8 32. Be6+ Kg7 33. Rc1 Rf3 34. Bxd6 Qxd6
35. Qxb5 Rf2 36. Qb7+ Be7 37. Rc7 Kf8 38. Qa8+ Kg7 39. Qa7 Rf1+ 40. Nc1 Kf8 41.
Rc8+ Kg7 42. Re8 Rxc1+ 43. Kxc1 Qc5+ 44. Qxc5 Bxc5 45. Bh3 Nf6 46. Rxe5 1-0

[Event "Aktivschachturnier (30 Sek. pro Zug)"]
[Site "Wuppertal"]
[Date "2007.??.??"]
[Round "?"]
[White "Excel 68000, Fidelity"]
[Black "Citrine, Novag"]
[Result "0-1"]
[ECO "B99"]
[WhiteElo "1858"]
[BlackElo "1990"]
[Annotator "Jaeger,Thomas"]
[PlyCount "88"]
[EventDate "2007.??.??"]
[TimeControl "120+1"]

{32MB, book.ctg, ANJATHOMAS} 1. e4 c5 2. Nf3 d6 3. d4 cxd4 4. Nxd4 Nf6 5. Nc3
a6 6. Bg5 e6 7. f4 Be7 8. Qf3 Qc7 9. O-O-O Nbd7 10. g4 b5 11. Bxf6 Nxf6 12. g5
Nd7 {letzter Buchzug} 13. a3 {letzter Buchzug} Bb7 14. h4 O-O 15. h5 Qb6 16. h6
g6 17. Be2 Rfc8 18. Qg3 Nc5 19. Qe3 Qa5 {b4!} 20. Kb1 Qb6 {planlos} 21. Nb3 Bd8
22. Nxc5 Qxc5 23. Qxc5 dxc5 24. Rd7 Bc6 25. Rdd1 b4 26. Na2 bxa3 27. bxa3 Rcb8+
28. Ka1 Bxe4 29. Rhf1 f6 30. Bc4 Rb6 31. Rde1 Bf5 32. Rg1 Kf7 33. Bb3 Bc7 34.
Rgf1 Rd8 35. gxf6 Kxf6 36. Re3 Rd4 37. Ref3 c4 38. Ba4 Rxf4 39. Rxf4 Be5+ 40.
c3 Bxf4 41. Nb4 Bd2 42. Na2 Bxh6 43. Nb4 Bd2 44. Rf3 Ke5 0-1

[Event "Aktivschachturnier (30 Sek. pro Zug)"]
[Site "Wuppertal"]
[Date "2007.??.??"]
[Round "?"]
[White "Citrine, Novag"]
[Black "Excel 68000, Fidelity"]
[Result "1-0"]
[ECO "B85"]
[WhiteElo "1990"]
[BlackElo "1858"]
[Annotator "Jaeger,Thomas"]
[PlyCount "63"]
[EventDate "2007.??.??"]
[TimeControl "120+1"]

{32MB, book.ctg, ANJATHOMAS} 1. e4 c5 2. Nf3 d6 3. d4 cxd4 4. Nxd4 Nf6 5. Nc3
e6 6. Be2 a6 7. O-O Qc7 8. f4 Nc6 9. Be3 Be7 10. Qe1 O-O 11. Qg3 Bd7 {
letzter Buchzug} 12. Bd3 {letzter Buchzug} Nb4 13. Rad1 Nxd3 14. cxd3 e5 15.
fxe5 dxe5 16. Nf5 Bxf5 17. Rxf5 Nd7 18. d4 Bf6 19. Nd5 Qc2 20. Rd2 Qxe4 21.
Nxf6+ Nxf6 22. Rxf6 Rac8 23. dxe5 Rc1+ 24. Rf1 Rxf1+ 25. Kxf1 f6 26. exf6 Rxf6+
27. Ke2 Qc4+ 28. Rd3 Qc2+ 29. Bd2 Qxb2 30. Rd8+ Rf8 31. Rxf8+ Kxf8 32. Qf4+ {
gewinnt leicht} 1-0

[Event "Aktivschachturnier (30 Sek. pro Zug)"]
[Site "Wuppertal"]
[Date "2007.??.??"]
[Round "?"]
[White "Citrine, Novag"]
[Black "Kishon Chesster, Fidelity"]
[Result "1-0"]
[ECO "C82"]
[WhiteElo "1990"]
[BlackElo "1781"]
[Annotator "Jaeger,Thomas"]
[PlyCount "81"]
[EventDate "2007.??.??"]
[TimeControl "120+1"]

{32MB, book.ctg, ANJATHOMAS} 1. e4 e5 2. Nf3 Nc6 3. Bb5 a6 4. Ba4 Nf6 5. O-O
Nxe4 6. d4 b5 7. Bb3 d5 8. dxe5 Be6 9. c3 Bc5 10. Nbd2 O-O 11. Bc2 Nxf2 12.
Rxf2 f6 13. exf6 Bxf2+ 14. Kxf2 Qxf6 {letzter Buchzug} 15. Nf1 Ne5 16. Be3 {
letzter Buchzug} Nxf3 17. gxf3 Qh4+ 18. Kg1 c6 19. Qe2 Rae8 20. Re1 Bf5 21.
Bxf5 Rxf5 22. Qf2 Qf6 23. f4 Qg6+ 24. Ng3 Rff8 25. f5 Qg4 26. Bc5 Rxe1+ 27.
Qxe1 Rb8 28. Qe5 Qd1+ 29. Kg2 {Kf2 gewinnt!} Qd2+ 30. Kf3 Rd8 31. Qc7 {? De6}
Qd1+ 32. Kf4 Re8 33. Qxc6 Rd8 34. f6 Qd2+ 35. Kg4 Qd1+ 36. Kh3 Qe1 37. Be7 Rb8
38. Qxd5+ Kh8 39. Qf7 Qe6+ 40. Qxe6 h6 41. fxg7+ 1-0

[Event "Aktivschachturnier (30 Sek. pro Zug)"]
[Site "Wuppertal"]
[Date "2007.??.??"]
[Round "?"]
[White "Kishon Chesster, Fidelity"]
[Black "Citrine, Novag"]
[Result "0-1"]
[ECO "B99"]
[WhiteElo "1781"]
[BlackElo "1990"]
[Annotator "Jaeger,Thomas"]
[PlyCount "74"]
[EventDate "2007.??.??"]
[TimeControl "120+1"]

{32MB, book.ctg, ANJATHOMAS} 1. e4 c5 2. Nf3 d6 3. d4 cxd4 4. Nxd4 Nf6 5. Nc3
a6 6. Bg5 e6 7. f4 Be7 8. Qf3 Qc7 9. O-O-O Nbd7 10. g4 b5 11. Bxf6 Nxf6 12. g5
Nd7 13. f5 Nc5 14. f6 gxf6 15. gxf6 Bf8 {letzter Buchzug} 16. Qh5 {
letzter Buchzug} b4 17. Nce2 Nxe4 18. Bg2 Nxf6 19. Qg5 {Dh4 ist viel besser}
Ng8 20. Bc6+ Bd7 21. Bxd7+ Qxd7 22. Kb1 a5 23. Rhg1 a4 24. Qe3 Ne7 25. Qf3 Nd5
26. Nf4 Nb6 27. Nh5 {Sxe6 hatte Citrine erwartet} O-O-O 28. Nc6 Qb7 29. Qf6
Qxc6 30. Qxh8 h6 31. Ng7 a3 32. Qxh6 axb2 33. Qh3 Na4 34. Rde1 Nc3+ 35. Kxb2
Qa4 36. Kc1 Qa3+ 37. Kd2 Nb1+ 0-1

[Event "Aktivschachturnier (30 Sek. pro Zug)"]
[Site "Wuppertal"]
[Date "2007.??.??"]
[Round "?"]
[White "Super Constellation, Novag"]
[Black "Kishon Chesster, Fidelity"]
[Result "0-1"]
[ECO "C56"]
[WhiteElo "1732"]
[BlackElo "1781"]
[Annotator "Jaeger,Thomas"]
[PlyCount "102"]
[EventDate "2007.??.??"]
[TimeControl "120+1"]

{32MB, book.ctg, ANJATHOMAS} 1. e4 e5 2. Nf3 Nc6 3. Bc4 Nf6 4. d4 exd4 5. O-O
Nxe4 6. Re1 d5 7. Bxd5 Qxd5 8. Nc3 Qa5 9. Nxe4 Be6 {letzter Buchzug} 10. Neg5 {
letzter Buchzug} Bb4 11. Rxe6+ {?! typisch SuCo - c3 war gut} fxe6 12. Nxe6 Rg8
13. Bf4 Bd6 14. Bxd6 cxd6 15. Nfxd4 Rc8 16. Qg4 Nxd4 17. Nxd4 Rd8 18. Qe4+ {
De6!} Qe5 19. Qxb7 Rf8 20. Qxa7 Rf7 21. Qa4+ Kf8 22. Nc6 Qxb2 23. Rd1 Re8 24.
Qc4 {SuCo hat seinen ganzen Vorteil verspielt!} Qb6 25. Nd4 Rfe7 26. h3 Qc5 27.
Qf1 Ra8 28. Qd3 Kg8 29. Rf1 d5 30. Nb3 Qc4 31. Qxc4 dxc4 32. Nc1 Rb7 33. f4 Rb2
34. Rf2 Re8 35. Rf1 Rxc2 36. Rd1 c3 37. f5 Rd2 38. Rf1 Re4 39. f6 gxf6 40. a3
Kf7 41. Nb3 Rb2 42. Nc1 Rd4 43. g4 h6 44. Re1 Ra4 45. Nd3 Rd2 46. Nc5 c2 47.
Nb3 Rd1 48. Kf2 Rf4+ 49. Kg3 Rxe1 50. Kxf4 Rb1 51. Ke3 Rxb3+ 0-1

[Event "Aktivschachturnier (30 Sek. pro Zug)"]
[Site "Wuppertal"]
[Date "2007.??.??"]
[Round "?"]
[White "Kishon Chesster, Fidelity"]
[Black "Super Constellation, Novag"]
[Result "0-1"]
[ECO "A77"]
[WhiteElo "1781"]
[BlackElo "1732"]
[Annotator "Jaeger,Thomas"]
[PlyCount "80"]
[EventDate "2007.??.??"]
[TimeControl "120+1"]

{32MB, book.ctg, ANJATHOMAS} 1. d4 Nf6 2. c4 e6 3. Nc3 c5 4. d5 exd5 5. cxd5 d6
6. e4 g6 7. Nf3 Bg7 8. Be2 O-O 9. O-O Re8 {letzter Buchzug} 10. Nd2 Nbd7 11. a4
{letzter Buchzug} b6 12. f3 Bb7 13. Nb5 Qe7 {?!} 14. Nc4 {nicht Sc7} Bxd5 15.
Ncxd6 Bc6 16. Nc7 {?!} Rad8 {? Ted8 =} 17. Ndxe8 Nxe8 18. Nxe8 Qxe8 19. Qb3 Qe7
20. Be3 Qf6 21. Bb5 Bxb5 22. axb5 c4 23. Qxc4 Ne5 24. Qc7 Rd3 25. Ra3 Rd7 26.
Qb8+ Rd8 27. Qxa7 Nc4 28. Rb3 Nd2 (28... Nxe3 29. Rxe3 Qd4 30. Qa3 Bf8 31. Qc3
Bc5) 29. Bxd2 Rxd2 30. Qb8+ Bf8 31. e5 {?} Qg5 32. g3 Qf5 33. e6 Qxe6 34. Qf4
Bc5+ 35. Re3 Bxe3+ 36. Kh1 Bxf4 {Chesster: "Sadist, ja du bist ein Sadist"} 37.
Ra1 Qh3 38. Ra8+ Kg7 39. Rg8+ Kxg8 40. Kg1 Qg2# {
gut, du hast gewonnen, aber du spielst wie eine Schnecke} 0-1

[Event "Aktivschachturnier (30 Sek. pro Zug)"]
[Site "Wuppertal"]
[Date "2007.??.??"]
[Round "?"]
[White "MM V, Mephisto"]
[Black "Super Constellation, Novag"]
[Result "0-1"]
[ECO "A35"]
[WhiteElo "1974"]
[BlackElo "1732"]
[Annotator "Jaeger,Thomas"]
[PlyCount "110"]
[EventDate "2007.??.??"]
[TimeControl "120+1"]

{32MB, book.ctg, ANJATHOMAS} 1. c4 c5 2. Nc3 Nc6 3. Nf3 g6 4. e3 Bg7 5. d4 {
letzter Buchzug} cxd4 6. exd4 d6 7. Be2 Bg4 {letzter Buchzug} 8. Be3 e5 9. d5
Nce7 10. Qa4+ Bd7 11. Qb4 Nf5 12. Qxb7 Rb8 13. Qxa7 Nxe3 14. fxe3 Rxb2 15. Nb5
Bxb5 16. cxb5 Nf6 17. Rd1 O-O 18. Qa3 Rc2 19. Qa4 Qc7 20. Kf1 Rc8 21. Ne1 Rb2
22. Qa3 {Sd3 =} Qc3 23. Qa6 Ne4 24. Nd3 Rc2 25. Qa4 f5 26. a3 Nd2+ 27. Kf2 Bh6
28. Qb4 Ne4+ 29. Kf1 Rc4 30. Qxc3 Nxc3 31. Re1 Nxd5 32. Nb4 Nxe3+ 33. Kf2 Rf4+
34. Kg3 Rg4+ 35. Kh3 Nxg2 36. Bxg4 Nf4+ 37. Kg3 Rg2+ 38. Kf3 e4+ 39. Rxe4 fxg4+
40. Ke3 Re2+ 41. Kd4 Bg7+ 42. Kc4 d5+ 43. Kc5 Bf8+ 44. Kc6 dxe4 45. b6 Bxb4 46.
axb4 Rb2 47. b7 Rxb4 48. Ra1 Kf7 49. Ra8 e3 50. b8=Q Rxb8 51. Rxb8 e2 52. Rb7+
Kf6 53. Rb1 Nd3 54. Kd5 e1=Q 55. Rxe1 Nxe1 0-1

[Event "Aktivschachturnier (30 Sek. pro Zug)"]
[Site "Wuppertal"]
[Date "2007.??.??"]
[Round "?"]
[White "Super Constellation, Novag"]
[Black "MM V, Mephisto"]
[Result "0-1"]
[ECO "C30"]
[WhiteElo "1732"]
[BlackElo "1974"]
[Annotator "Jaeger,Thomas"]
[PlyCount "194"]
[EventDate "2007.??.??"]
[TimeControl "120+1"]

{32MB, book.ctg, ANJATHOMAS} 1. e4 e5 2. f4 Qh4+ 3. g3 Qe7 4. fxe5 d6 5. Nc3
dxe5 6. d3 {letzter Buchzug} Nf6 {letzter Buchzug} 7. Bg2 Bg4 8. Nge2 Nbd7 9.
h3 Be6 10. O-O Qc5+ 11. Kh2 O-O-O 12. a4 Be7 13. a5 h5 14. d4 exd4 15. Nxd4 h4
16. g4 Bc4 17. Nb3 Bd6+ {Dd6!} 18. Kh1 Bxb3 19. cxb3 Bg3 20. Qe2 Ne5 21. Be3
Qb4 22. Ra4 Qxb3 23. Ra3 Qc4 24. a6 b6 25. Kg1 Qxe2 26. Nxe2 Nc4 27. Rc3 Nxe3
28. Rxe3 Bd6 29. Kh1 Bc5 30. Rc3 Rd2 31. Nf4 Rxb2 32. Nd3 Re2 33. Nxc5 bxc5 34.
Rxc5 Re8 35. Rg5 Nxe4 36. Bxe4 R2xe4 37. Rxg7 Re3 38. Rfxf7 Rxh3+ 39. Kg2 Rc3
40. Rh7 Rg8 41. Rxh4 Rc6 42. Kh3 Rxa6 43. Rhh7 Rc6 44. Kg3 Kb7 45. Rd7 Rc1 46.
Rhf7 Kb6 47. Rfe7 a5 48. Rf7 a4 49. Rh7 Rg1+ 50. Kf3 R8xg4 51. Rxc7 R1g3+ 52.
Ke2 Rg2+ 53. Kf3 Kb5 54. Rb7+ Kc4 55. Rhc7+ Kd5 56. Rd7+ Ke5 57. Re7+ Kf5 58.
Rb5+ Kf6 59. Ra7 R2g3+ 60. Kf2 Rd3 61. Rb6+ Ke5 62. Rh6 Ra3 63. Rh5+ Ke4 64.
Re7+ Kd4 65. Rd7+ Kc4 66. Rc7+ Kb3 67. Rb7+ Ka2 68. Rhh7 Rb3 69. Ra7 Rf4+ 70.
Ke1 a3 71. Rh2+ Kb1 72. Rh1 Re4+ 73. Kf1 Rbe3 {Tc4 gewinnt sofort} 74. Kf2+ Ka2
75. Rhh7 Kb2 76. Rhb7+ Rb3 77. Rd7 Rf4+ 78. Ke1 Re3+ 79. Kd2 Ree4 80. Rab7+ Rb4
81. Ke3 Rfe4+ 82. Kf3 Kc2 83. Ra7 Rf4+ 84. Kg2 Ra4 85. Rac7+ Kb1 {sehr schwach}
86. Rd1+ Kb2 87. Rd2+ Kb3 88. Rd3+ Kb4 89. Rb7+ Kc5 90. Rc7+ Kb6 91. Rdd7 {
auch dumm!} a2 92. Rb7+ Kc5 93. Rbc7+ Kb5 94. Rb7+ Kc4 95. Rdc7+ Kd3 96. Rc1
a1=Q 97. Rxa1 Rxa1 0-1

[Event "Aktivschachturnier (30 Sek. pro Zug)"]
[Site "Wuppertal"]
[Date "2007.??.??"]
[Round "?"]
[White "Citrine, Novag"]
[Black "MM V, Mephisto"]
[Result "0-1"]
[ECO "D59"]
[WhiteElo "1990"]
[BlackElo "1974"]
[Annotator "Jaeger,Thomas"]
[PlyCount "100"]
[EventDate "2007.??.??"]
[TimeControl "120+1"]

{32MB, book.ctg, ANJATHOMAS} 1. d4 d5 2. c4 e6 3. Nc3 Nf6 4. Bg5 Be7 5. e3 O-O
6. Nf3 h6 7. Bh4 b6 8. cxd5 Nxd5 9. Bxe7 Qxe7 10. Nxd5 exd5 11. Rc1 Be6 12. Bd3
c5 13. dxc5 bxc5 14. O-O Nd7 15. e4 dxe4 16. Bxe4 Rab8 {letzter Buchzug} 17. b3
{letzter Buchzug} Nf6 18. Bd3 Nd5 19. Be4 Nb4 {
Citrine sah Zugwiederholung - MM V will mehr!?} 20. Qe2 Bf5 21. Bd3 Qxe2 22.
Bxe2 Rfe8 23. Bc4 Be4 24. Nd2 Bg6 25. a3 Nc2 26. a4 Rbd8 27. Nb1 Nb4 28. Bb5
Nd3 29. Bxe8 Nxc1 30. Bxf7+ Bxf7 31. Rxc1 Bxb3 32. Nc3 c4 33. Kf1 Kf7 34. Ke2
g5 35. h3 Ke6 36. Kf3 Ke5 {MM V +0,77} 37. Re1+ {Citrine -0,12} Kd4 38. Nb5+
Kc5 39. Re5+ Kb4 40. Re6 a5 41. Nc7 Bxa4 42. Rxh6 c3 43. Rb6+ Kc4 44. Re6 c2
45. Re4+ Kc3 46. Re5 Bc6+ 47. Kg3 Rd4 48. Re6 c1=Q 49. Rxc6+ Rc4 50. Nd5+ Kd4
0-1

[Event "Aktivschachturnier (30 Sek. pro Zug)"]
[Site "Wuppertal"]
[Date "2007.??.??"]
[Round "?"]
[White "MM V, Mephisto"]
[Black "Citrine, Novag"]
[Result "0-1"]
[ECO "C83"]
[WhiteElo "1974"]
[BlackElo "1990"]
[Annotator "Jaeger,Thomas"]
[PlyCount "92"]
[EventDate "2007.??.??"]
[TimeControl "120+1"]

{32MB, book.ctg, ANJATHOMAS} 1. e4 e5 2. Nf3 Nc6 3. Bb5 a6 4. Ba4 Nf6 5. O-O
Nxe4 6. d4 b5 7. Bb3 d5 8. dxe5 Be6 9. Nbd2 Nc5 10. c3 Be7 11. Bc2 {
letzter Buchzug} Bg4 {letzter Buchzug} 12. Qe2 O-O 13. b4 Ne6 14. a4 Nf4 15.
Qe3 Ng6 16. Nd4 Ncxe5 17. axb5 Bc8 18. f4 Ng4 19. Qf3 Nf6 20. Nc6 Qd7 21. f5
Nh8 22. Bd3 Re8 23. Nxe7+ Rxe7 24. bxa6 Qc6 25. b5 Qxc3 26. Ra4 Bd7 27. Ba3
Ree8 28. Nb1 Qe5 29. Bc5 Ne4 30. Bd4 Qd6 31. f6 Nxf6 32. Bxf6 Qxf6 33. Qxd5
Qb6+ 34. Kh1 Rad8 {?!} 35. a7 Qe6 36. Qb7 Qd6 37. Be4 Ra8 38. Rc4 {
? Da8 gewinnt schnell} Red8 39. Nc3 c6 40. Rd1 {? bc gewinnt leicht} Qxd1+ 41.
Nxd1 Bc8 42. Nc3 {Dc8 ist richtig} Bxb7 43. bxc6 Rxa7 44. h4 Bc8 45. Nd5 f5 46.
Bf3 Ng6 {hier fehlte dem MM V einfach Rechenleistung} 0-1

[Event "Aktivschachturnier (30 Sek. pro Zug)"]
[Site "Wuppertal"]
[Date "2007.??.??"]
[Round "?"]
[White "MM V, Mephisto"]
[Black "Kishon Chesster, Fidelity"]
[Result "1-0"]
[ECO "C56"]
[WhiteElo "1974"]
[BlackElo "1781"]
[Annotator "Jaeger,Thomas"]
[PlyCount "95"]
[EventDate "2007.??.??"]
[TimeControl "120+1"]

{32MB, book.ctg, ANJATHOMAS} 1. e4 e5 2. Nf3 Nc6 3. Bc4 Nf6 4. d4 exd4 5. O-O
Nxe4 6. Re1 d5 7. Bxd5 Qxd5 8. Nc3 Qa5 9. Nxe4 Be6 {letzter Buchzug} 10. Neg5 {
letzter Buchzug} Bb4 11. Nxf7 {
Super Conny spielte hier Txe6. Sxe6 ist wohl besser} Bxe1 12. Nxh8 Bb4 {Lf2!}
13. Ng5 Bg8 14. Qg4 Qd5 15. Bf4 Qd7 16. Qe2+ Qe7 17. Ne4 Be6 18. Bg5 Qf8 19.
Nc5 Bxc5 20. Qxe6+ Ne7 21. Re1 Bd6 22. Bxe7 Bxe7 23. Qe4 O-O-O 24. Qxh7 Bb4 25.
Ng6 Qf7 26. Qh3+ Kb8 27. Qe6 Qxe6 28. Rxe6 Bc5 29. Nf4 g5 30. Nd3 Bd6 31. Ne5
Bb4 32. Nf7 Rg8 33. Nxg5 Bd2 34. Nf3 Bc1 35. b4 Bb2 36. Re4 Bc3 37. a3 Rd8 38.
h4 Bb2 39. g4 Bxa3 40. Nxd4 Bxb4 41. Nc6+ bxc6 42. Rxb4+ Ka8 43. g5 Rd2 44. Rc4
Kb7 45. h5 Kb6 46. h6 a5 47. g6 Rd6 48. Rg4 1-0

[Event "Aktivschachturnier (30 Sek. pro Zug)"]
[Site "Wuppertal"]
[Date "2007.??.??"]
[Round "?"]
[White "Kishon Chesster, Fidelity"]
[Black "MM V, Mephisto"]
[Result "1/2-1/2"]
[ECO "C81"]
[WhiteElo "1781"]
[BlackElo "1974"]
[Annotator "Jaeger,Thomas"]
[PlyCount "61"]
[EventDate "2007.??.??"]
[TimeControl "120+1"]

{32MB, book.ctg, ANJATHOMAS} 1. e4 e5 2. Nf3 Nc6 3. Bb5 a6 4. Ba4 Nf6 5. O-O
Nxe4 6. d4 b5 7. Bb3 d5 8. dxe5 Be6 9. Qe2 Be7 10. Rd1 O-O 11. c4 bxc4 12. Bxc4
Qd7 13. Nc3 Nxc3 14. bxc3 f6 {letzter Buchzug} 15. exf6 Bxf6 16. Bg5 {
letzter Buchzug} Bxc3 17. Rac1 Bf6 18. Qxe6+ Qxe6 19. Bxd5 Qxd5 20. Rxd5 Nb4
21. Rd7 Rad8 22. Rcxc7 Nxa2 23. Bxf6 Rxd7 24. Rxd7 gxf6 25. Kf1 Nb4 26. Rb7 a5
27. Ra7 Nc6 28. Rc7 Nb4 29. Ra7 Nc6 30. Rc7 Nb4 31. Ra7 1/2-1/2

[Event "Aktivschachturnier (30 Sek. pro Zug)"]
[Site "Wuppertal"]
[Date "2007.??.??"]
[Round "?"]
[White "Excel 68000, Fidelity"]
[Black "MM V, Mephisto"]
[Result "0-1"]
[ECO "C81"]
[WhiteElo "1858"]
[BlackElo "1974"]
[Annotator "Jaeger,Thomas"]
[PlyCount "66"]
[EventDate "2007.??.??"]
[TimeControl "120+1"]

{32MB, book.ctg, ANJATHOMAS} 1. e4 e5 2. Nf3 Nc6 3. Bb5 a6 4. Ba4 Nf6 5. O-O
Nxe4 6. d4 b5 7. Bb3 d5 8. dxe5 Be6 9. Qe2 Be7 10. Rd1 O-O 11. c4 bxc4 12. Bxc4
Qd7 13. Nc3 Nxc3 14. bxc3 f6 {letzter Buchzug} 15. exf6 Bxf6 16. Bg5 {
letzter Buchzug} Bxc3 17. Rac1 Bf6 18. a3 {
Lustig! Die gleiche Eroffnung wie Chesster gegen MM V. Chesster spielte Dxe6}
Ne7 19. Bxa6 {?!} Bg4 20. Bxf6 Rxf6 21. Re1 Bxf3 22. Qxe7 Qg4 {!} 23. Bf1 Bxg2
{!} 24. Bxg2 Rg6 25. Kf1 Qxg2+ 26. Ke2 Qg4+ 27. Kd2 Qd4+ 28. Ke2 Rf6 {
Tg4 ist besser} 29. f3 c6 30. Rb1 c5 31. Rec1 {?} Rg6 {! und vorbei!} 32. Qe3
Rg2+ 33. Kf1 Qxe3 0-1

[Event "Aktivschachturnier (30 Sek. pro Zug)"]
[Site "Wuppertal"]
[Date "2007.??.??"]
[Round "?"]
[White "MM V, Mephisto"]
[Black "Excel 68000, Fidelity"]
[Result "1-0"]
[ECO "D35"]
[WhiteElo "1974"]
[BlackElo "1858"]
[Annotator "Jaeger,Thomas"]
[PlyCount "83"]
[EventDate "2007.??.??"]
[TimeControl "120+1"]

{32MB, book.ctg, ANJATHOMAS} 1. d4 d5 2. c4 e6 3. Nc3 Nf6 4. Bg5 Be7 {
letzter Buchzug} 5. cxd5 exd5 6. e3 {letzter Buchzug} O-O 7. Bd3 h6 8. Bxf6
Bxf6 9. Nf3 b6 10. b4 c5 11. bxc5 bxc5 12. O-O c4 13. Bc2 Nc6 14. Ba4 Qd6 15.
e4 Be6 16. e5 Nxe5 17. dxe5 Bxe5 18. Nb5 Qb8 19. Nxe5 Qxe5 20. Re1 Qf6 21. Qd4
Qd8 22. Bc2 Qb6 23. Qxb6 axb6 24. Nc7 Ra3 25. Nxe6 fxe6 26. Rxe6 Rb8 27. Rd6
Rba8 28. Rxd5 {Lg6 wurde lange bevorzugt und ist besser} Rxa2 29. Rd8+ Rxd8 30.
Rxa2 b5 31. Rb2 Rd5 32. f4 Kf7 33. Rb1 Kf6 34. g4 Rd2 35. Bf5 Rd5 {c3!} 36. h3
{Kf2!} c3 37. Kf2 g6 38. Be4 Rd2+ 39. Ke3 Rb2 40. Rxb2 cxb2 41. Kd2 g5 42. f5 {
und gewinnt leicht} 1-0